 Dungeon Crawl Stone Soup version 0.29-a0-464-g50448035db (webtiles) character file.

Game seed: 18023800869246554715

1342 101zpm the Magician (level 8, -5/50 HPs)
             Began as a Djinni Fire Elementalist on May 21, 2022.
             Was an Initiate of Hepliaklqana.
             Killed by an exploding gargoyle (11 damage)
             ... ignited by their inner flame
             ... on level 6 of the Dungeon.
             The game lasted 00:14:06 (8001 turns).

101zpm the Magician (Djinni Fire Elementalist)      Turns: 8001, Time: 00:14:07

Health: -5/50      AC:  7    Str:  9    XL:     8   Next: 93%
Gold:   200        EV: 12    Int: 19    God:    Hepliaklqana [......] SH:  0 Dex: 14

rFire   + + .      SeeInvis .   (no weapon)
rCold   . . .      Faith    .   (no shield)
rNeg    . . .      Spirit   .   x - +3 leather armour of the Curious Spirits {rPois Regen+ Stlth+}
rPois   ∞          Reflect  .   y - +0 helmet
rElec   +          Harm     .   (no cloak)
rCorr   .          Rampage  .   (no gloves)
Will    +....                   (boots unavailable)
Stlth   +++.......              (no amulet)
HPRegen 0.96/turn               j - ring of Pakural {rElec rC+ Str+2}
MPRegen 0.00/turn               s - ring of willpower

@: flying
A: sickness immunity, fire resistance 2, cold vulnerability 1, float, innate
caster, HP casting, extra vitality 1
a: Renounce Religion


You were on level 6 of the Dungeon.
You worshipped Hepliaklqana.
Hepliaklqana was noncommittal.
You visited 2 branches of the dungeon, and saw 7 of its levels.
You also visited: Sewer.

You collected 200 gold pieces.

Inventory:

Hand Weapons
 z - a +3 dagger of venom
Armour
 x - the +3 leather armour of the Curious Spirits (worn) {rPois Regen+ Stlth+}
   (You found it on level 3 of the Dungeon)

   rPois:     It protects you from poison.
   Regen:     It increases your rate of health regeneration.
   Stlth:     It makes you more stealthy.
 y - a +0 helmet (worn)
Jewellery
 j - the ring of Pakural (left hand) {rElec rC+ Str+2}
   (You found it on level 3 of the Dungeon)

   [ring of protection from cold]

   Str:       It affects your strength (+2).
   rC:        It protects you from cold.
   rElec:     It insulates you from electricity.
 q - a ring of ice
 r - a ring of fire
 s - a ring of willpower (right hand)
Wands
 w - a wand of polymorph (18)
 A - a wand of flame (21)
Scrolls
 a - a scroll of blinking
 c - a scroll of fog
 d - a scroll of fear
 f - 2 scrolls of teleportation
 g - a scroll of poison
 m - a scroll of enchant armour {unknown}
 o - a scroll of magic mapping {unknown}
 t - a scroll of enchant weapon {unknown}
 u - a scroll of noise {unknown}
Potions
 b - 2 potions of mutation {unknown}
 e - 2 potions of haste {unknown}
 h - 2 potions of flight {unknown}
 i - 2 potions of cancellation {unknown}
 k - 3 potions of resistance {unknown}
 l - 3 potions of ambrosia {unknown}
 n - 3 potions of curing {unknown}
 p - 3 potions of heal wounds {unknown}
 v - a potion of brilliance {unknown}


   Skills:
 + Level 0.1 Fighting
 + Level 0.5 Armour
 + Level 2.4 Dodging
 + Level 3.0 Stealth
 + Level 7.8 Spellcasting


You had 3 spell levels left.
You knew the following spells:

 Your Spells              Type           Power      Damage    Failure   Level
a - Foxfire               Conj/Fire      100%       2x1d9     1%          1
b - Scorch                Fire           74%        2d9       1%          2
c - Conjure Flame         Conj/Fire      37%        6-21      1%          3
d - Inner Flame           Hex/Fire       37%        N/A       1%          3
e - Flame Wave            Conj/Fire      37%        2d9       4%          4
f - Freeze                Ice            100%       1d11      1%          1
g - Searing Ray           Conj           74%        2d7       1%          2
h - Swiftness             Air            37%        N/A       1%          3
Your spell library was empty.

Dungeon Overview and Level Annotations

Branches:
Dungeon (6/15)             Temple (1/1) D:5           Sewer (visited)

Altars:
Ashenzari
Cheibriados
Elyvilon
Fedhas
Gozag
Hepliaklqana
Kikubaaqudgha
Makhleb
Nemelex Xobeh
Okawaru
Qazlal
Ru
Sif Muna
Trog
Uskayaw
Vehumet
Wu Jian
Xom
Zin
The Shining One


Innate Abilities, Weirdness & Mutations

You are immune to sickness and miasma.
You are immune to poison.
Your flesh is very heat resistant. (rF++)
You are vulnerable to cold. (rC-)
You float through the air rather than walking.
You learn spells naturally, not from books.
Your magical power is your life essence.
You have superior vitality. (+4 MHP)


Message History

Aiming: Inner Flame (safe; 1% risk of failure)
Press: ? - help, Dir - move target, f - gargoyle
Aim: a gargoyle, wielding a +0 morningstar (chance to affect: 76%)
The gargoyle is filled with an inner flame.
You conjure some foxfire!
Casting: Foxfire (safe; 1% risk of failure)
Confirm with . or Enter, or press ? or * to list all spells.
Flames lash the gargoyle.
Flame seeps out of the gargoyle.
The gargoyle is lightly damaged.
The gargoyle's fire resistance burns away.
The foxfire hits the gargoyle but does no damage.
The gargoyle is lightly damaged.
The gargoyle misses you.
Casting: Scorch (safe; 1% risk of failure)
Confirm with . or Enter, or press ? or * to list all spells.
Flames lash the gargoyle but do no damage.
The gargoyle closely misses you.
Your foxfire dissipates!
Casting: Scorch (safe; 1% risk of failure)
Confirm with . or Enter, or press ? or * to list all spells.
Flames lash the gargoyle.
The gargoyle is burned terribly!
Flame seeps out of the gargoyle.
The gargoyle is heavily damaged.
The gargoyle is engulfed in blazing flames.
Flame seeps out of the gargoyle.
The gargoyle hurls a stone arrow at you.
The stone arrow hits you!!
Casting: Scorch (safe; 1% risk of failure)
Confirm with . or Enter, or press ? or * to list all spells.
Flames lash the gargoyle but do no damage.
The gargoyle hurls a stone arrow at you.
The stone arrow hits you!
* * * LOW HITPOINT WARNING * * *
Casting: Scorch (safe; 1% risk of failure)
Confirm with . or Enter, or press ? or * to list all spells.
Flames lash the gargoyle.
The gargoyle is burned terribly!
* * * LOW HITPOINT WARNING * * *
The gargoyle explodes!
The fiery explosion engulfs you! You resist.
You die...

#...........#
#####.#######
#.# #.# #.# #.#
#######.########
................
#######@########
#....§§...#
#.#####§#.#
..#.# ### #
##### #<..#
###.# ..#


There were no monsters in sight!

Vanquished Creatures
  A gargoyle (D:6)
  A black bear (D:3)
  A phantom (D:4)
  2 scorpions
  2 bullfrogs (Sewer)
  3 wights (D:6)
  6 killer bees (D:4)
  An orc priest (D:4)
  A hound (D:5)
  2 iguanas
  Ijyb (D:3)
  Jessica (D:3)
  Natasha (thrice) (D:3)
  Robin (D:3)
  8 adders
  2 gnolls
  An ufetubus (D:4)
  4 worms
  3 dart slugs
  12 orcs
  19 ball pythons
  6 bats
  19 endoplasms
  11 giant cockroaches
  8 goblins
  9 hobgoblins
  3 jackals (D:2)
  12 quokkas
  11 frilled lizards
  6 kobolds
  9 rats
169 creatures vanquished.

Vanquished Creatures (collateral kills)
  15 foxfires (D:1)
15 creatures vanquished.

Vanquished Creatures (others)
  670 foxfires
670 creatures vanquished.

Grand Total: 854 creatures vanquished

Notes
Turn   | Place    | Note
-------+----------+-------------------------------------------
     0 | D:1      | 101zpm the Djinni Fire Elementalist began the quest for the
                  | Orb.
     0 | D:1      | Reached XP level 1. HP: 15/15 MP: 0/0
   185 | D:1      | Reached XP level 2. HP: 14/21 MP: 0/0
   351 | D:2      | Reached skill level 3 in Spellcasting
   660 | D:2      | Reached XP level 3. HP: 18/25 MP: 0/0
   660 | D:2      | Learned a level 1 spell: Freeze
  1473 | D:2      | Reached XP level 4. HP: 28/31 MP: 0/0
  1679 | D:2      | Found a faded altar of an unknown god.
  2218 | D:2      | Found a burning altar of Makhleb.
  2554 | D:3      | Identified the ring of Pakural {rElec rC+ Str+2}
  2693 | D:3      | Noticed Natasha
  2698 | D:3      | Killed Natasha
  2898 | D:3      | Noticed Natasha
  2903 | D:3      | Killed Natasha
  2904 | D:3      | Reached skill level 4 in Spellcasting
  2904 | D:3      | Reached XP level 5. HP: 18/35 MP: 0/0
  2904 | D:3      | Learned a level 2 spell: Searing Ray
  3000 | D:3      | Noticed Natasha
  3004 | D:3      | Killed Natasha
  3118 | D:3      | Noticed Robin
  3485 | D:4      | Reached XP level 6. HP: 26/40 MP: 0/0
  3604 | D:4      | Reached skill level 5 in Spellcasting
  3604 | D:4      | Reached XP level 7. HP: 26/45 MP: 0/0
  3604 | D:4      | Learned a level 3 spell: Swiftness
  4036 | D:3      | Killed Robin
  4037 | D:3      | Reached skill level 6 in Spellcasting
  4297 | D:3      | Found a broken altar of Ashenzari.
  5016 | D:4      | Reached XP level 8. HP: 23/50 MP: 0/0
  5620 | D:5      | Entered Level 5 of the Dungeon
  6814 | D:3      | Noticed Jessica
  6817 | D:3      | Killed Jessica
  6986 | D:3      | Noticed Ijyb
  6991 | D:3      | Killed Ijyb
  6992 | D:3      | Reached skill level 7 in Spellcasting
  7143 | D:3      | Identified the +3 leather armour of the Curious Spirits
                  | {rPois Regen+ Stlth+}
  7336 | D:5      | Found a staircase to the Ecumenical Temple.
  7345 | Temple   | Entered the Ecumenical Temple
  7466 | Temple   | Became a worshipper of Hepliaklqana the Forgotten
  7528 | D:6      | Found a sacrificial altar of Ru.
  7533 | D:6      | Found a glowing drain.
  7543 | Sewer    | Entered a sewer
  7994 | D:6      | Noticed a gargoyle
  8001 | D:6      | Killed a gargoyle
  8001 | D:6      | Killed by an exploding gargoyle... ignited by their inner
                  | flame

Illustrated notes

Levels and vault maps discovered:
D:1:      dpeg_arrival_prison, layout_basic, serial_forest,
          infiniplex_forest_end_1, infiniplex_forest_lined_4_way,
          infiniplex_forest_lined_room_3, infiniplex_forest_clump_diagonal,
          infiniplex_forest_clump_double, infiniplex_forest_straight_3,
          infiniplex_forest_lined_1, infiniplex_forest_clump_curved,
          infiniplex_forest_lined_room_3, infiniplex_forest_lined_2
D:2:      layout_basic, hellmonk_ecumenical_altar_run_dry, basic_altar,
          minmay_circle_x
D:3:      layout_basic, ashenzari_altar_1, uniq_natasha, uniq_robin,
          uniq_jessica, uniq_ijyb
D:4:      layout_cave_pools, st_stairs_7
D:5:      minmay_polygon_palace, layout_basic, minmay_temple_entry_wispy,
          minmay_misc_feat_ornament, chequers_arboretum
D:6:      layout_basic, mainiacjoe_overflow_paths, portal_sewer_entry_d,
          gammafunk_ghost_abyssal_escape
Temple:   mainiacjoe_temple_coin_purse

Skill      XL: |  1  2  3  4  5  6  7  8 |
---------------+-------------------------+-----
Spellcasting   | 3 4 5 6 7 |  7.8
Stealth        | 2 3 |  3.0
Fighting       | |  0.1
Armour         | |  0.5
Dodging        | |  2.4

Action                   |  1- 3 |  4- 6 |  7- 9 || total
-------------------------+-------+-------+-------++-------
 Cast: Foxfire           |    65 |    98 |   258 ||   421
       Scorch            |     3 |    15 |    24 ||    42
       Inner Flame       |       |    11 |    38 ||    49
  Use: Scroll            |       |       |     4 ||     4
Armor: Robe              |       |     3 |     2 ||     5
       Leather armour    |       |       |     2 ||     2
Dodge: Dodged            |     4 |     7 |     5 ||    16

Table legend: (Time is in decaauts)
 A = Elapsed time spent in this place.
 B = Non-inter-level travel time spent in this place.
 C = Inter-level travel time spent in this place.
 D = Time resting spent in this place.
 E = Time spent auto-exploring this place.
 F = Levels seen in this place.
 G = Mean time per level.
                   A        B        C        D        E       F      G
               +--------+--------+--------+--------+--------+-----+--------+
         Total |   8009 |   7696 |    313 |    542 |   6236 |   8 | 1001.1 |
       Dungeon |   7557 |   7256 |    301 |    542 |   6000 |   6 | 1259.5 |
        Temple |    133 |    121 |     12 |      0 |    102 |   1 |  133.0 |
         Sewer |    318 |    318 |      0 |      0 |    134 |   1 |  318.0 |
               +--------+--------+--------+--------+--------+-----+--------+

Top non-repeatable levels by time:
     D:3: 2118 daAuts
     D:2: 1883 daAuts
     D:4: 1661 daAuts
     D:1: 1539 daAuts
   Sewer: 318 daAuts
     D:6: 188 daAuts
     D:5: 166 daAuts
  Temple: 133 daAuts
